Map: [ESL] Hardwire

Players

Ryung

  • Race: Terran Terran

Probe - Winner!

  • Race: Protoss Protoss

Event: IEM Katowice 2022

VOD

Have the link to the VOD?

Description

Time

  • Played on: Feb. 23, 2022, 5:34 a.m.
  • Length: 12:28

All games in this series

Show
View Real Time Build Order
Export as new Build Order

Ryung Terran 

Build Orders: Cyclone Opening 

Get SALT Encoding   

  12  0:00  SCV  
  13  0:12  SCV  
  14  0:17  Supply Depot  
  14  0:24  SCV  
  15  0:39  SCV, Barracks  
  16  0:44  Refinery  
  16  0:51  SCV  
  16  0:53  Refinery  
  17  1:03  SCV  
  18  1:15  SCV  
  19  1:26  Reaper  
  19  1:27  Orbital Command  
  20  1:42  Factory  
  20  1:44  Supply Depot  
  20  1:53  SCV  
  21  2:05  SCV  
  22  2:18  SCV  
  22  2:20  Command Center  
  23  2:30  SCV  
  23  2:31  Factory Tech Lab  
  24  2:37  Barracks Reactor  
  24  2:42  SCV, Bunker  
  25  2:46  Supply Depot  
  25  2:49  Cyclone  
  28  2:54  SCV  
  29  3:00  Barracks  
  29  3:07  SCV  
  30  3:13  Marine x2  
  30  3:19  SCV  
  33  3:21  Barracks  
  33  3:31  SCV, Marine x2  
  36  3:43  SCV  
  36  3:47  Orbital Command  
  37  3:50  Bunker, Marine x2  
  37  3:55  SCV  
  40  4:01  Stimpack  
  40  4:05  Engineering Bay  
  39  4:10  Barracks Tech Lab  
  39  4:11  SCV  
  39  4:14  SCV  
  39  4:15  Marine x3  
  44  4:22  Supply Depot  
  44  4:23  SCV  
  45  4:26  SCV  
  45  4:28  Combat Shield  
  45  4:30  Marauder  
  48  4:34  Marauder  
  48  4:35  Terran Infantry Weapons Level 1  
  48  4:36  SCV  
  52  4:38  SCV  
  52  4:40  Marine  
  52  4:42  Marine  
  54  4:46  Starport  
  54  4:48  Factory Reactor  
  54  4:51  Supply Depot  
  54  4:52  SCV  
  55  4:54  SCV  
  55  4:58  Marauder  
  58  5:00  Marauder  
  58  5:02  Marine  
  58  5:03  Marine  
  58  5:06  Supply Depot  
  62  5:13  Supply Depot, SCV x2  
  64  5:16  Supply Depot  
  63  5:22  Marine, Marauder x2  
  63  5:24  Marine  
  63  5:27  SCV  
  70  5:29  SCV  
  70  5:31  Medivac  
  70  5:34  Medivac  
  75  5:38  Factory Tech Lab, Refinery  
  75  5:39  SCV  
  75  5:41  SCV  
  77  5:43  Supply Depot  
  77  5:44  Marine  
  77  5:45  Concussive Shells  
  77  5:47  Marine  
  79  5:51  Marauder  
  79  5:54  Marauder  
  82  5:58  Siege Tank  
  82  6:00  SCV x2  
  82  6:02  Refinery  
  87  6:11  Marine x2  
  87  6:13  Medivac  
  87  6:14  Supply Depot  
  93  6:22  Marine x2  
  93  6:25  SCV  
  94  6:27  SCV  
  94  6:29  Command Center  
  94  6:31  Marine x2  
  97  6:34  Medivac  
  97  6:37  Supply Depot  
  99  6:44  Marine x2, Siege Tank  
  99  6:46  SCV x2  
  106  6:50  Terran Infantry Armor Level 1  
  106  6:57  Supply Depot  
  106  6:58  SCV  
  106  6:59  SCV  
  106  7:00  Supply Depot  
  106  7:01  Marine x2  
  108  7:02  Marine  
  108  7:03  Marine  
  112  7:15  Barracks  
  112  7:16  Viking  
  112  7:18  Barracks  
  112  7:20  Viking  
  116  7:25  Siege Tank  
  116  7:28  SCV x2  
  121  7:40  SCV x2, Marauder x2  
  121  7:41  Marine  
  121  7:42  Marine  
  129  7:47  Ghost Academy  
  129  7:48  Viking  
  129  7:50  Viking  
  133  7:53  SCV  
  133  7:55  SCV  
  134  8:02  Orbital Command  
  134  8:04  Supply Depot  
  134  8:08  SCV x2  
  134  8:12  Supply Depot  
  136  8:14  Refinery  
  136  8:20  SCV x2  
  136  8:23  Viking  
  136  8:24  Barracks Reactor, Barracks Tech Lab, Viking  
  142  8:31  SCV  
  142  8:32  SCV x2  
  145  8:34  Ghost  
  145  8:35  Ghost  
  149  8:42  Refinery  
  149  8:43  SCV  
  149  8:44  SCV x2  
  149  8:45  Ghost  
  153  8:48  Siege Tank  
  153  8:54  Supply Depot x2  
  155  8:55  Supply Depot  
  155  8:58  SCV x3  
  155  9:01  Enhanced Shockwaves  
  158  9:06  Marauder x2  
  162  9:10  SCV  
  162  9:11  Viking  
  162  9:12  Missile Turret  
  162  9:16  Viking  
  166  9:22  Bunker  
  166  9:24  Supply Depot  
  166  9:25  Ghost  
  168  9:35  Siege Tank  
  168  9:37  Ghost  
  172  9:42  Viking  
  172  9:45  Command Center  
  174  9:49  Viking  
  176  9:55  Armory  
  176  9:57  Marauder x2, Engineering Bay  
  176  9:58  Marine  
  176  9:59  Marine x3  
  183  10:09  Supply Depot  
  179  10:15  Marauder  
  179  10:16  SCV x3  
  179  10:18  Marauder x2  
  187  10:23  Siege Tank  
  190  10:34  Barracks  
  190  10:39  Barracks x2  
  190  10:46  Sensor Tower  
  190  10:50  Viking  
  190  10:55  Viking  
  194  10:58  Marine x4  
  194  10:59  Marine x2  
  195  11:09  Siege Tank  
  193  11:18  Marine x4, Orbital Command  
  182  11:19  Marauder  
  182  11:20  Viking  
  182  11:25  Viking  
  134  11:47  Marine x2  
  134  11:50  Marine x4  
  134  11:51  Marine x2  
  134  11:52  Marine x2, Orbital Command  
  118  12:00  Orbital Command  
  111  12:05  Marine x2  
  111  12:08  Marine x4  
  116  12:09  Marine  
Show
View Real Time Build Order
Export as new Build Order

Probe Protoss - Winner!

Build Orders: Phoenix Opening, Blink Stalkers, Colossus Rush 

Get SALT Encoding   

  12  0:01  Probe  
  13  0:13  Probe  
  14  0:18  Pylon  
  14  0:25  Probe (Chrono Boost)  
  15  0:37  Gateway, Probe (Chrono Boost)  
  16  0:45  Probe (Chrono Boost)  
  16  0:46  Assimilator  
  17  0:51  Probe  
  18  1:03  Probe  
  19  1:15  Probe  
  20  1:20  Pylon, Assimilator  
  20  1:26  Cybernetics Core, Zealot  
  20  1:27  Probe  
  24  1:40  Probe  
  24  1:52  Probe  
  25  2:00  Stalker (Chrono Boost)  
  25  2:02  Warp Gate  
  25  2:04  Probe  
  28  2:12  Pylon  
  27  2:16  Probe  
  28  2:26  Nexus  
  29  2:30  Probe  
  29  2:33  Sentry  
  31  2:42  Probe  
  32  2:46  Twilight Council  
  32  2:54  Probe  
  33  2:59  Gateway  
  33  3:06  Probe  
  33  3:08  Phoenix  
  33  3:11  Robotics Facility  
  34  3:18  Probe  
  35  3:22  Blink (Chrono Boost)  
  35  3:30  Probe  
  36  3:39  Probe  
  37  3:42  Probe  
  38  3:51  Stalker, Probe  
  38  3:53  Stalker  
  38  3:54  Probe  
  44  4:03  Shield Battery  
  44  4:04  Probe  
  44  4:05  Observer  
  44  4:06  Probe  
  47  4:13  Pylon  
  47  4:16  Probe (Chrono Boost)  
  48  4:19  Probe (Chrono Boost)  
  49  4:25  Assimilator  
  49  4:26  Assimilator  
  49  4:28  Stalker x2, Probe (Chrono Boost)  
  54  4:33  Probe (Chrono Boost)  
  54  4:34  Probe (Chrono Boost)  
  54  4:35  Observer  
  54  4:38  Pylon, Probe (Chrono Boost)  
  57  4:42  Probe  
  59  4:45  Pylon  
  59  4:49  Probe  
  59  4:51  Forge  
  60  4:54  Probe  
  60  4:57  Robotics Bay  
  61  5:03  Probe  
  61  5:04  Observer  
  63  5:10  Gateway  
  63  5:13  Gateway, Protoss Ground Weapons Level 1  
  63  5:15  Pylon  
  63  5:20  Observer  
  63  5:22  Probe x2  
  65  5:35  Probe x2  
  67  5:38  Sentry  
  69  5:43  Colossus (Chrono Boost)  
  69  5:45  Nexus  
  75  5:51  Probe  
  76  5:57  Gateway, Charge  
  76  6:00  Gateway  
  76  6:02  Probe  
  76  6:04  Pylon  
  77  6:05  Sentry  
  77  6:06  Observer  
  77  6:07  Zealot  
  81  6:12  Probe  
  82  6:21  Probe  
  82  6:25  Colossus (Chrono Boost)  
  82  6:26  Shield Battery  
  82  6:29  Pylon, Probe  
  89  6:34  Probe  
  90  6:41  Shield Battery  
  90  6:43  Zealot x2  
  90  6:44  Shield Battery  
  94  6:48  Pylon  
  94  6:49  Pylon  
  94  6:50  Observer  
  94  6:52  Stalker  
  96  6:54  Zealot  
  96  6:58  Stalker  
  100  7:04  Stalker  
  100  7:07  Observer  
  103  7:09  Zealot x2  
  103  7:10  Probe x2, Protoss Ground Weapons Level 2 (Chrono Boost)  
  103  7:12  Probe  
  110  7:21  Zealot, Observer  
  110  7:22  Zealot x2, Probe x2  
  119  7:31  Extended Thermal Lance, Probe  
  119  7:34  Probe  
  119  7:35  Probe  
  122  7:44  Gateway, Probe  
  123  7:46  Probe  
  123  7:48  Probe  
  123  7:50  Assimilator x2  
  125  7:53  Robotics Facility  
  126  7:58  Zealot  
  126  7:59  Zealot x2  
  131  8:11  Nexus  
  131  8:14  Pylon, Observer  
  131  8:17  Pylon  
  131  8:18  Pylon  
  131  8:26  Gateway  
  131  8:28  Gateway  
  131  8:30  Colossus (Chrono Boost)  
  131  8:32  Pylon  
  136  8:39  Disruptor (Chrono Boost)  
  139  8:42  Probe x3  
  139  8:45  Zealot x2  
  146  8:54  Probe x3  
  146  9:04  Assimilator  
  146  9:06  Probe x3, Assimilator  
  146  9:08  Forge  
  149  9:10  Photon Cannon  
  149  9:12  Shield Battery, Disruptor  
  149  9:15  Disruptor  
  155  9:17  Shield Battery  
  155  9:18  Probe x3, Shield Battery  
  155  9:23  Dark Shrine  
  158  9:30  Probe  
  157  9:35  Stalker x3  
  157  9:36  Stalker x2  
  157  9:38  Probe x2, Protoss Ground Armor Level 1 (Chrono Boost)  
  167  9:47  Disruptor  
  170  9:54  Disruptor  
  170  9:57  Pylon x2  
  172  10:06  Stalker x4  
  175  10:22  Zealot x5  
  175  10:23  Disruptor  
  188  10:29  Disruptor  
  188  10:34  Shadow Stride (Chrono Boost)  
  189  10:50  Nexus  
  189  10:53  Zealot  
  189  10:54  Zealot x2  
  195  10:57  Pylon  
  195  11:00  Pylon  
  195  11:01  Disruptor  
  192  11:06  Observer  
  191  11:20  Dark Templar  
  191  11:21  Dark Templar x5  
  191  11:24  Probe  
  185  11:26  Dark Templar x7  
  185  11:30  Probe  
  180  11:36  Disruptor  
  139  11:56  Probe x2  
  141  12:03  Nexus  
  141  12:04  Stalker x7  
  141  12:05  Zealot x2  

Tags
 
Add a new tag
Caveats
  • Supply blocks, unpowered buildings, or Contaminate may cause inaccurate times.
  • Supply counts are checked every 10 seconds.